 Dungeon Sprint DCSS version 0.30-a0-840-ga523dec638 (webtiles) character file.

Game seed: 15293162879555871730

4540 dialectric the Ninja (level 10, -7/55 HPs)
             Began as a Spriggan Brigand on Mar 1, 2023.
             Was an Elder of Trog.
             Shot with a bolt by a yaktaur captain (25 damage)
             ... in the Dungeon (Sprint II: "The Violet Keep of Menkaure").
             The game lasted 00:05:56 (1018 turns).

dialectric the Ninja (Spriggan Brigand)             Turns: 1018, Time: 00:05:56

Health: -7/55      AC:  3    Str:  7    XL:     10   Next: 17%
Magic:  11/11      EV: 24    Int: 14    God:    Trog [****..]
Gold:   362        SH:  0    Dex: 20    Spells: 9/9 levels left

rFire   . . .      SeeInvis +    a - +2 dagger
rCold   . . .      Faith    .    (no shield)
rNeg    . . .      Spirit   .    b - +0 robe
rPois   +          Reflect  .    (helmet restricted)
rElec   .          Harm     .    l - +0 cloak {rPois}
rCorr   .          Rampage  .    (gloves unavailable)
Will    +....      NoTele   +    (boots unavailable)
Stlth   +++++                    (no amulet)
HPRegen 0.29/turn                (no ring)
MPRegen 0.12/turn                (no ring)

@: slow
A: very small, no large weapons, unfitting armour, see invisible, speed 3
a: Renounce Religion, Berserk, Trog's Hand, Brothers in Arms


You were in the Dungeon.
You worshipped Trog.
Trog was greatly pleased with you.
You visited 1 branch You collected 1081 gold pieces.
You spent 719 gold pieces at shops.

Inventory:

Hand Weapons
 a - a +2 dagger (weapon)
Missiles
 d - 9 poisoned darts (quivered)
 e - a curare-tipped dart
 B - 5 atropa-tipped darts
Armour
 b - a +0 robe (worn)
 c - a +0 cloak
 j - the +0 pair of boots of Feasting {Int+4}
   (You bought it in a shop in the Dungeon)

   Int:       It affects your intelligence (+4).
 l - a +0 cloak of poison resistance (worn)
Jewellery
 s - an amulet of faith
 C - a +6 ring of intelligence
Scrolls
 f - 3 scrolls of vulnerability {unknown}
 k - 2 scrolls of blinking
 n - 2 scrolls of torment {unknown}
 o - a scroll of poison {unknown}
 p - 2 scrolls of identify {unknown}
 u - a scroll of enchant armour {unknown}
 v - a scroll of magic mapping {unknown}
 y - a scroll of amnesia {unknown}
 A - a scroll of brand weapon {unknown}
Potions
 g - 2 potions of curing
 h - 2 potions of haste
 i - 6 potions of magic
 m - a potion of might
 q - a potion of degeneration {unknown}
 r - a potion of heal wounds
 t - 3 potions of resistance {unknown}
 w - a potion of lignification {unknown}
 x - a potion of attraction {unknown}
 z - 3 potions of flight {unknown}


   Skills:
 * Level 7.0 Fighting
 + Level 12.1 Short Blades
 - Level 4.2 Throwing
 + Level 9.3 Dodging
 O Level 27 Stealth


You had 9 spell levels left.
You didn't know any spells.
Your spell library was empty.

Dungeon Overview and Level Annotations

Branches:
Dungeon (1/1)

Altars:
Cheibriados
Dithmenos
Elyvilon
Fedhas
Gozag
Hepliaklqana
Kikubaaqudgha
Makhleb
Nemelex Xobeh
Okawaru
Qazlal
Ru
Sif Muna
Trog
Uskayaw
Vehumet
Wu Jian
Xom
Yredelemnul
Zin
The Shining One
Jiyva
Lugonu

Shops:
D :?=!=[?(*[[(:!(

Annotations:
D exclusion: oklob plant, Kirke


Innate Abilities, Weirdness & Mutations

You are very small and have problems with some larger weapons.
You are too small for most types of armour.
You have supernaturally acute eyesight. (SInv)
You cover ground extremely quickly. (Speed+++)


Message History

You barely miss the flying skull.
The flying skull is almost destroyed.
The flying skull closely misses you.
You hit the flying skull but do no damage.
The flying skull is almost destroyed.
The flying skull hits you!
* * * LOW HITPOINT WARNING * * *
You hit the flying skull.
The flying skull is almost destroyed.
You hit the flying skull.
You destroy the flying skull!
Trog accepts your kill.
You can now call in reinforcements.
Your Fighting skill increases to level 7!
Really walk into a travel-excluded area?
There is an open door, spattered with blood here.
Unknown command.
You start resting.
HP restored.
There is an open door, spattered with blood here.
Really walk into a travel-excluded area?
Kirke, a skeletal warrior and a yaktaur captain come into view.
A centaur warrior comes into view.
The yaktaur captain shouts!
You hear a loud, deep croak!
You hear a shout!
Really walk into a travel-excluded area?
Okay, then.
You enter the shallow water.
Moving in this stuff is going to be slow.
The yaktaur captain wields a +0 arbalest.
The yaktaur captain shoots a bolt.
The bolt hits you!!!
Ouch! That really hurt!
Kirke shouts!
You hear a shout!
Throw: 10 darts (poison)
Press: ? - help, Q - select action, (/) - cycle Shift-Dir - straight line, f - yaktaur captain
Aim: a yaktaur captain, wielding a +0 arbalest (82% to hit)
You throw a poisoned dart.
The poisoned dart hits the yaktaur captain!
The yaktaur captain is poisoned.
A cane toad comes into view.
The yaktaur captain shoots a bolt.
The bolt hits you!!
You die...

##≈§§≈≈≈≈## ##§§°≈≈≈≈°S## #
+≈≈§°≈§≈§S§§# cF####°≈≈≈≈≈§≈S
z(c~##≈≈≈≈○≈
############~~#+++#+++##
###########~~~.........# .
##.....∩.∩#~~~~.##'##..# #
##....∩...#~~@~##.#.##.#### +
##...∩.∩..#~~~~#.###.#....#
##..∩.∩...#~~####.#.####..##
##.⌠.∩....#~##.###'###.##..#
##..∩.∩...#~#..###.##...#..#
##...∩.∩..'~'##.'.<.'.##'..###
##....∩.∩.#z#..###.##...#....#
#▓▓▓▓▓▓▓###z##.###'###.##÷§...
##$Zs######~~####.#.####~~(...


You could see a yaktaur captain (very poisoned).

Vanquished Creatures
  2 boulder beetles (D)
  A yaktaur (D)
  3 polar bears (D)
  A hornet (D)
  8 flying skulls (D)
  2 wyverns (D)
  Menkaure (D)
  A vampire mosquito (D)
  A water moccasin (D)
  4 necrophages (D)
  4 scorpions (D)
28 creatures vanquished.

Vanquished Creatures (others)
  4 tentacles (D)
4 creatures vanquished.

Grand Total: 32 creatures vanquished

Notes
Turn   | Place    | Note
-------+----------+-------------------------------------------
     0 | D        | dialectric the Spriggan Brigand began the quest for the
                  | Orb.
     0 | D        | Reached XP level 1. HP: 10/10 MP: 2/2
     1 | D        | Noticed a scorpion
     1 | D        | Noticed a scorpion
     3 | D        | Noticed a scorpion
     3 | D        | Noticed a scorpion
     4 | D        | Killed a scorpion
     5 | D        | Reached skill level 11 in Stealth
     5 | D        | Reached XP level 2. HP: 15/15 MP: 3/3
     5 | D        | Reached XP level 3. HP: 18/18 MP: 4/4
     6 | D        | Killed a scorpion
     7 | D        | Reached skill level 13 in Stealth
     7 | D        | Reached XP level 4. HP: 23/23 MP: 5/5
    11 | D        | Killed a scorpion
    12 | D        | Reached skill level 14 in Stealth
    12 | D        | Reached XP level 5. HP: 27/28 MP: 6/6
    15 | D        | Reached skill level 16 in Stealth
    20 | D        | Noticed a boulder beetle
    20 | D        | Noticed a boulder beetle
    23 | D        | Killed a boulder beetle
    24 | D        | Reached skill level 21 in Stealth
    24 | D        | Reached XP level 6. HP: 33/33 MP: 7/7
    24 | D        | Reached XP level 7. HP: 37/37 MP: 8/8
    36 | D        | Reached skill level 22 in Stealth
    54 | D        | Reached XP level 8. HP: 42/42 MP: 9/9
    74 | D        | Reached skill level 23 in Stealth
   109 | D        | Noticed Menkaure
   129 | D        | Killed Menkaure
   130 | D        | Reached skill level 5 in Dodging
   130 | D        | Reached skill level 24 in Stealth
   147 | D        | Found Kyblac's Distillery.
   148 | D        | Found Geokos's Antique Armour Shoppe.
   148 | D        | Found Mekusokh's General Store.
   148 | D        | Found Huzxeh's Jewellery Shoppe.
   148 | D        | Found Ujiuputi's Antique Weapon Shoppe.
   148 | D        | Found Reop's Antique Weapon Shoppe.
   148 | D        | Found Inif's Distillery.
   148 | D        | Found Letutz's Magic Scroll Emporium.
   148 | D        | Found Zonit's Weapon Shoppe.
   148 | D        | Found Uhuita's Antique Armour Emporium.
   149 | D        | Found Yplick's Jewellery Shoppe.
   149 | D        | Found Miapoh's Magic Scroll Emporium.
   150 | D        | Found Luruqen's Book Shoppe.
   150 | D        | Found Jared's Antique Armour Emporium.
   151 | D        | Noticed an oklob plant
   166 | D        | Found Zierov's Book Shoppe.
   242 | D        | Noticed a manticore
   248 | D        | Bought a scroll of fog for 44 gold pieces
   257 | D        | Bought a potion of curing for 36 gold pieces
   257 | D        | Bought a potion of curing for 36 gold pieces
   262 | D        | Bought a scroll of blinking for 90 gold pieces
   265 | D        | Bought a pair of blackened boots for 285 gold pieces
   265 | D        | Identified the +0 pair of boots of Feasting {Int+4} (You
                  | bought it in a shop in the Dungeon)
   265 | D        | Noticed a manticore
   268 | D        | Bought an embroidered cloak for 172 gold pieces
   280 | D        | Bought a potion of might for 56 gold pieces
   301 | D        | Found a stormy altar of Qazlal.
   301 | D        | Found an ornate altar of the Wu Jian Council.
   302 | D        | Found a hazy altar of Hepliaklqana.
   302 | D        | Found a sacrificial altar of Ru.
   302 | D        | Found a shimmering altar of Xom.
   303 | D        | Found a viscous altar of Jiyva.
   303 | D        | Found a shimmering blue altar of Sif Muna.
   304 | D        | Found a snail-covered altar of Cheibriados.
   304 | D        | Found an ancient bone altar of Kikubaaqudgha.
   304 | D        | Found a bloodstained altar of Trog.
   305 | D        | Found a shadowy altar of Dithmenos.
   305 | D        | Found a corrupted altar of Lugonu.
   306 | D        | Found a white marble altar of Elyvilon.
   306 | D        | Found a burning altar of Makhleb.
   307 | D        | Found a blossoming altar of Fedhas.
   309 | D        | Found an opulent altar of Gozag.
   309 | D        | Found a glowing golden altar of the Shining One.
   309 | D        | Found a basalt altar of Yredelemnul.
   309 | D        | Found a hide-covered altar of Uskayaw.
   309 | D        | Found a sparkling altar of Nemelex Xobeh.
   309 | D        | Noticed a hornet
   309 | D        | Noticed a polar bear
   310 | D        | Found a glowing silver altar of Zin.
   310 | D        | Found a radiant altar of Vehumet.
   310 | D        | Found an iron altar of Okawaru.
   310 | D        | Noticed a yaktaur
   316 | D        | Became a worshipper of Trog the Wrathful
   332 | D        | Noticed a kraken
   442 | D        | Noticed a polar bear
   442 | D        | Noticed a polar bear
   443 | D        | Killed a polar bear
   444 | D        | Killed a polar bear
   445 | D        | Reached skill level 25 in Stealth
   445 | D        | Reached XP level 9. HP: 22/46 MP: 10/10
   446 | D        | Reached * piety under Trog
   447 | D        | Reached skill level 5 in Fighting
   447 | D        | Killed a polar bear
   448 | D        | Reached skill level 26 in Stealth
   449 | D        | Killed a yaktaur
   455 | D        | Noticed a death drake
   491 | D        | Killed a boulder beetle
   491 | D        | Reached ** piety under Trog
   492 | D        | Reached skill level 10 in Short Blades
   492 | D        | Reached skill level 27 in Stealth
   620 | D        | Reached *** piety under Trog
   621 | D        | Reached XP level 10. HP: 43/53 MP: 11/11
   862 | D        | Reached **** piety under Trog
  1014 | D        | Noticed Kirke
  1014 | D        | Noticed a skeletal warrior
  1014 | D        | Noticed a yaktaur captain
  1015 | D        | Noticed a centaur warrior
  1018 | D        | Noticed a cane toad
  1018 | D        | Shot with a bolt by a yaktaur captain

Illustrated notes

Levels and vault maps discovered:
D:        the_violet_keep_of_menkaure [sprint2_stairs_cluster_1,
          sprint2_shoproom, sprint2_temple, sprint2_basic_supplies,
          sprint2_obstacle_1, sprint2_obstacle_6, sprint2_obstacle_5,
          sprint2_obstacle_4, sprint2_obstacle_2, sprint2_timed_cluster_1,
          sprint2_smallroom_cluster_1, sprint2_smallroom_final_cluster_1,
          sprint2_transparent_cluster_1, sprint2_second_timed_cluster_1,
          sprint2_sniper_area_1, sprint2_heavy_combat_area_1,
          sprint2_mutation_trap_area_1, sprint2_forest_area_1,
          sprint2_light_combat_area_1, sprint2_behind_water_1,
          sprint2_near_end_vault_1]

Skill      XL: |  1  2  3  4  5  6  7  8  9 10 |
---------------+-------------------------------+-----
Fighting       | 2 3 4 6 7 |  7.0
Short Blades   | 3 4 6 8 11 12 | 12.1
Stealth        | 11 13 14 21 22 25 27 | 27.0
Throwing       | 3 4 |  4.2
Dodging        | 2 3 4 5 8 9 |  9.3

Action                     |  1- 3 |  4- 6 |  7- 9 | 10-12 || total
---------------------------+-------+-------+-------+-------++-------
  Melee: Dagger            |     2 |     3 |    66 |    82 ||   153
         Punch             |       |       |     2 |     1 ||     3
  Throw: Dart              |       |     4 |    16 |     1 ||    21
 Invoke: Berserk           |       |       |     1 |       ||     1
         Trog's Hand       |       |       |       |     1 ||     1
    Use: Potion            |       |       |     3 |       ||     3
         Scroll            |       |       |     1 |     1 ||     2
   Stab: Sleeping          |     2 |     2 |     9 |       ||    13
         Distracted        |       |       |       |     1 ||     1
 Armour: Robe              |       |     1 |     1 |     4 ||     6
  Dodge: Dodged            |     2 |     2 |    36 |    69 ||   109

Table legend: (Time is in decaauts)
 A = Elapsed time spent in this place.
 B = Non-inter-level travel time spent in this place.
 C = Inter-level travel time spent in this place.
 D = Time resting spent in this place.
 E = Time spent auto-exploring this place.
 F = Levels seen in this place.
 G = Mean time per level.
                   A        B        C        D        E       F      G
               +--------+--------+--------+--------+--------+-----+--------+
         Total |    843 |    843 |      0 |    270 |    126 |   1 |  843.0 |
       Dungeon |    843 |    843 |      0 |    270 |    126 |   1 |  843.0 |
               +--------+--------+--------+--------+--------+-----+--------+

Top non-repeatable levels by time:
       D: 843 daAuts
